AoeStats
← Iguano Pop

Arabia

506592571Analyzed
2v2 RM · 18d ago on Sep 14, 2026· 80m 17s· 4 players
Game mode
Random Map
Map size
Medium (4 player)
Population
200
Speed
Normal
Resources
Standard
Victory
Conquest
Starting age
Dark Age
Ending age
Imperial Age
RankedLock teamsTeams togetherTeam positionsShared explorationLock speedFull tech treeHidden civsTurbo modeCheats
Victory
Defeat
🇲🇽 Wei · Mexico
1420
+13
🇲🇽 Teutons · Mexico
1154
+23
🇺🇸 Turks · United States
1364
-19
🇲🇽 Magyars · Mexico
1316
-17
Iguano Pop
0:39 Loom
9:24 Feudal Age
10:11 Double-Bit Axe
26:26 Castle Age
25:06 Bloodlines
24:48 Gold Mining
25:22 Horse Collar
25:50 Town Watch
29:13 Scale Barding Armor
32:51 Chain Barding Armor
40:09 Sanctity
40:06 Husbandry
42:08 Wheelbarrow
41:58 Heavy Plow
42:18 Stone Mining
43:05 Gold Shaft Mining
46:19 Hand Cart
50:52 Imperial Age
50:52 Fletching
50:57 Cavalier
51:11 Light Cavalry
53:05 Plate Barding Armor
52:53 Corvinian Army
53:50 Conscription
53:26 Bodkin Arrow
54:38 Recurve Bow
56:24 Hoardings
59:37 Elite Skirmisher
60:25 Thumb Ring
64:27 Bracer
64:56 Town Patrol
66:15 Hussar
71:19 Murder Holes
71:39 Padded Archer Armor
73:12 Chemistry
73:08 Ballistics
73:54 Masonry
78:35 Scale Mail Armor
79:41 Pikeman
pancomido3
6:48 Loom
9:25 Feudal Age
9:52 Double-Bit Axe
10:23 Horse Collar
15:52 Scale Barding Armor
18:43 Forging
22:01 Castle Age
20:33 Gold Mining
21:28 Fletching
21:54 Town Watch
25:38 Bodkin Arrow
27:20 Padded Archer Armor
28:56 Bow Saw
29:24 Wheelbarrow
30:56 Ballistics
36:41 Gold Shaft Mining
36:18 Heavy Plow
42:02 Imperial Age
42:47 Leather Archer Armor
44:18 Two-Man Saw
46:46 Chain Barding Armor
47:02 Iron Casting
49:45 Plate Barding Armor
52:23 Blast Furnace
52:01 Bloodlines
53:37 Ring Archer Armor
55:03 Heavy Camel Rider
57:04 Conscription
60:13 Hand Cart
60:33 Husbandry
61:08 Town Patrol
VL La Parca (Red Paladin)
3:18 Loom
10:05 Feudal Age
17:06 Horse Collar
17:25 Double-Bit Axe
19:21 Wheelbarrow
23:28 Castle Age
22:12 Forging
22:35 Bloodlines
23:03 Scale Barding Armor
23:07 Gold Mining
24:29 Chain Barding Armor
24:12 Husbandry
24:30 Light Cavalry
33:58 Hand Cart
35:36 Town Watch
39:27 Imperial Age
40:01 Iron Casting
39:17 Fletching
40:06 Capped Ram
41:41 Fortified Wall
42:32 Chemistry
41:19 Heavy Hei Guang Cavalry
44:17 Blast Furnace
43:12 Bodkin Arrow
43:44 Conscription
46:45 Capped Ram
48:46 Heavy Plow
50:05 Bracer
50:45 Crop Rotation
52:47 Padded Archer Armor
53:08 Treadmill Crane
53:39 Masonry
53:31 Heavy Scorpion
54:00 Siege Ram
56:02 Tuntian
56:20 Hussar
57:52 Hoardings
59:22 Ming Guang Armor
59:33 Town Patrol
59:17 Elite Tiger Cavalry
60:56 Gold Shaft Mining
60:57 Pikeman
61:44 Squires
62:13 Scale Mail Armor
61:52 Halberdier
62:32 Arson
63:17 Caravan
64:06 Chain Mail Armor
70:24 Bow Saw
73:25 Man-at-Arms
75:56 Clinker Construction
[VL]marcowearsprada
6:32 Loom
10:05 Feudal Age
17:30 Double-Bit Axe
25:14 Wheelbarrow
29:01 Castle Age
28:10 Forging
28:28 Scale Barding Armor
29:04 Fletching
32:50 Scale Mail Armor
33:37 Pikeman
34:40 Crossbowman
39:55 Gold Mining
42:20 Bodkin Arrow
43:31 Stone Mining
44:51 Padded Archer Armor
48:58 Leather Archer Armor
49:13 Hand Cart
49:12 Horse Collar
49:46 Bow Saw
50:29 Iron Casting
52:21 Heavy Plow
55:34 Imperial Age
54:21 Gambesons
55:44 Squires
56:43 Ballistics
59:51 Chemistry
58:14 Elite Teutonic Knight
62:57 Stone Shaft Mining
64:36 Blast Furnace
64:18 Chain Mail Armor
64:34 Town Watch
66:28 Two-Man Saw
65:13 Halberdier
66:34 Cavalier
68:08 Crop Rotation
68:25 Bloodlines
68:50 Plate Mail Armor
77:23 Scale Barding Armor
Connection lost

Rejoining the realm…

Still unreachable

The connection could not be restored.

Session expired

The server has moved on; the page needs a fresh start.